 Dungeon Crawl Stone Soup version 0.27-a0-1177-g245c70e1c0 (webtiles) character file.

Game seed: 7114657880011768925

11414 Glokmah the Demolition Demonspawn (level 11, -3/86 HPs)
             Began as a Demonspawn Gladiator on May 16, 2021.
             Was an Elder of Makhleb.
             Slain by a salamander
             ... wielding a +4 halberd
              (10 damage)
             ... in a volcano.
             The game lasted 00:26:15 (13383 turns).

Glokmah the Demolition Demonspawn (DsGl)           Turns: 13383, Time: 00:26:17

Health: -3/86      AC: 18    Str: 23    XL:     11   Next: 49%
Magic:  20/20      EV:  9    Int: 10    God:    Makhleb [****..]
Gold:   596        SH:  0    Dex: 15    Spells: 10/10 levels left

rFire    . . .     SeeInvis .   a - +1 broad axe (freeze)
rCold    + . .     Faith    .   (no shield)
rNeg     . . .     Spirit   .   y - +3 chain mail {rC+}
rPois    .         Reflect  .   l - +2 helmet
rElec    +         Harm     .   C - +0 cloak
rCorr    .         Rampage  .   (no gloves)
Will     ++...                  (no boots)
Stlth    ..........             (no amulet)
HPRegen  0.24/turn              h - ring of willpower
MPRegen  0.17/turn              F - ring "Etomyful" {rElec Will+ Str+6 Slay+3}

@: no status effects
A: claws 2, demonic guardian 2, spiny 3
a: Renounce Religion, Minor Destruction, Lesser Servant of Makhleb, Major
Destruction


You were in a volcano.
You worshipped Makhleb.
Makhleb was greatly pleased with you.
You visited 3 branches of the dungeon, and saw 13 of its levels.
You also visited: Sewer and Volcano.

You collected 821 gold pieces.
You spent 225 gold pieces at shops.

Inventory:

Hand Weapons
 a - a +1 broad axe of freezing (weapon)
 b - a +2 vampiric war axe
 c - a +2 executioner's axe of electrocution
Missiles
 d - 4 throwing nets (quivered)
 j - 10 poisoned darts
 q - a curare-tipped dart
Armour
 l - a +2 helmet (worn)
 y - a +3 chain mail of cold resistance (worn)
 C - a +0 cloak (worn)
Jewellery
 h - a ring of willpower (left claw)
 i - a ring of see invisible
 B - a ring of protection from cold
 D - a ring of magical power
 F - the ring "Etomyful" (right claw) {rElec Will+ Str+6 Slay+3}
   (You acquired it on level 7 of the Dungeon)

   [ring of strength]

   It affects your strength (+6).
   It affects your accuracy and damage with ranged weapons and melee attacks
   (+3).
   It insulates you from electricity.
   It increases your willpower.
Wands
 f - a wand of polymorph (13)
 o - a wand of flame (31)
 r - a wand of iceblast (16)
 s - a wand of digging (6)
 t - a wand of charming (9)
 u - a wand of mindburst (18)
 G - a wand of acid (6)
 I - a wand of paralysis (16)
Scrolls
 g - a scroll of magic mapping
 k - 2 scrolls of fear
 m - 4 scrolls of blinking
 p - a scroll of fog
 v - 2 scrolls of holy word
 H - 4 scrolls of identify
 J - 9 scrolls of teleportation
 M - a scroll of summoning
Potions
 e - 6 potions of curing
 n - a potion of resistance
 w - 3 potions of magic
 x - 3 potions of brilliance
 z - a potion of cancellation
 A - a potion of might
 E - 2 potions of flight
 L - a potion of mutation
Miscellaneous
 K - a tin of tremorstones (2/2)


   Skills:
 + Level 8.0 Fighting
 * Level 10.4 Axes
 - Level 1.7 Throwing
 + Level 7.0 Armour
 - Level 3.0 Dodging
 * Level 12.5 Invocations


You had 10 spell levels left.
You didn't know any spells.
Your spell library contained the following spells:

 Spells                   Type           Power      Damage    Failure   Level
 Animate Skeleton         Necr           0%         N/A       94%         1
 Apportation              Tloc           0%         N/A       94%         1
 Corona                   Hex            0%         N/A       94%         1
 Pain                     Necr           0%         1d4       94%         1
 Sandblast                Erth           0%         2d4       94%         1
 Summon Small Mammal      Summ           0%         N/A       94%         1
 Call Imp                 Summ           0%         N/A       98%         2
 Ensorcelled Hibernation  Hex/Ice        0%         N/A       98%         2
 Passwall                 Tmut/Erth      0%         N/A       98%         2
 Poisonous Vapours        Pois/Air       0%         N/A       98%         2
 Call Canine Familiar     Summ           0%         N/A       100%        3
 Confusing Touch          Hex            0%         N/A       100%        3
 Conjure Flame            Conj/Fire      0%         6-21      100%        3
 Dazzling Flash           Conj/Hex       0%         N/A       100%        3
 Lesser Beckoning         Tloc           0%         N/A       100%        3
 Mephitic Cloud           Conj/Pois/Air  0%         N/A       100%        3
 Stone Arrow              Conj/Erth      0%         3d7       100%        3
 Summon Guardian Golem    Hex/Summ       0%         N/A       100%        3
 Tukima's Dance           Hex            0%         N/A       100%        3
 Vampiric Draining        Necr           0%         2d6       100%        3
 Animate Dead             Necr           0%         N/A       100%        4
 Petrify                  Tmut/Erth      0%         N/A       100%        4
 Summon Ice Beast         Ice/Summ       0%         N/A       100%        4
 Summon Lightning Spire   Summ/Air       0%         N/A       100%        4
 Agony                    Necr           0%         N/A       100%        5
 Alistair's Intoxication  Tmut/Pois      0%         N/A       100%        5
 Lee's Rapid Deconstruct  Erth           0%         3d5*      100%        5
 Freezing Cloud           Conj/Ice/Air   0%         6-21      100%        6
 Invisibility             Hex            0%         N/A       100%        6


Dungeon Overview and Level Annotations

Branches:
Dungeon (11/15)            Temple (1/1) D:5            Lair (1/6) D:11
    Orc (0/2) D:9           Sewer (visited)         Volcano (1/1)

Altars:
Ashenzari
Cheibriados
Dithmenos
Elyvilon
Fedhas
Gozag
Hepliaklqana
Kikubaaqudgha
Makhleb
Nemelex Xobeh
Okawaru
Qazlal
Ru
Sif Muna
Trog
Uskayaw
Vehumet
Wu Jian
Xom
Yredelemnul
Zin
The Shining One

Shops:
D:3 [   D:6 ?   D:7 !*   D:9 (   D:11 (


Innate Abilities, Weirdness & Mutations

You have very sharp fingernails.
A demonic guardian rushes to your aid.
You are completely covered in sharp spines.


Message History

The salamander is heavily wounded.
You slash the hell hound! You freeze the hell hound.
The salamander is struck by your spines.
The salamander hits you but does no damage.
The salamander hits you from afar with a +4 halberd.
You are engulfed in flames!
The hell hound breathes flames at you.
The blast of flame hits you but does no damage.
You hit the salamander. You freeze the salamander.
The salamander is almost dead.
You slash the hell hound! You freeze the hell hound.
You kill the hell hound!
Makhleb accepts your kill.
You feel better.
The salamander is struck by your spines.
The salamander hits you with a +0 halberd!
A demonic guardian appears!
You are engulfed in flames!
The salamander hits you from afar with a +4 halberd!
You are engulfed in flames!
* * * LOW HITPOINT WARNING * * *
The centaur unwields a +1 shortbow of flaming.
It stops flaming.
The centaur hits you.
* * * LOW HITPOINT WARNING * * *
The centaur barely misses you.
Your Fighting skill increases to level 8!
Okay, then.
The salamander barely misses you.
Press: ? - help, Shift-Dir - straight line, f - centaur
Aim: a centaur, quivering arrows The bolt of magma hits the salamander!
The salamander partially resists.
You kill the salamander!
Makhleb accepts your kill.
You feel better.
The bolt of magma misses the centaur.
The centaur wields a +1 shortbow of flaming.
It bursts into flame!
The centaur shoots an arrow.
The arrow closely misses you.
The salamander hits you from afar with a +4 halberd!
* * * LOW HITPOINT WARNING * * *
A demonic guardian appears!
You are engulfed in flames!
You die...

≈≈§≈§#≈≈§#§#§§§§≈#≈#§#
≈§≈§≈§≈§§§≈≈§≈≈≈≈§§≈§≈≈#§
§≈≈≈≈§≈§§§§≈§≈≈≈≈≈≈§§≈§≈§
§≈≈§≈§§≈§≈§§§≈§§≈≈≈≈≈≈≈§§
≈≈≈§§≈≈§§§§§≈≈≈§≈°§≈≈≈§§§
≈§≈.§≈≈4≈§≈≈≈≈≈§§≈§≈§§≈§≈
..≈≈≈≈§.≈.≈.≈≈≈≈≈.≈≈§≈§§§
........@............#
##...##'##...#####...####
## #4N†##.## ##..##.#
#..c..#.# #..#.#∩
#...).#.# #..#.#∩
##...##.## ##..#'##
...#####...##+##....##
............°°^^...##
..≈≈...≈≈≈≈≈.≈°≈≈≈.≈


You could see a salamander (ally target), a centaur, a friendly orange demon
(summoned) and a friendly hellwing (summoned).

Vanquished Creatures
  Erica (D:8)
  A cyclops (D:11)
  A salamander (Volcano)
  A cane toad (Lair:1)
  A komodo dragon (D:10)
  2 trolls
  A hornet (D:9)
  A wyvern (D:6)
  21 yaks
  2 shadows
  2 wraiths
  2 steam dragons
  A hell hound (Volcano)
  A water moccasin (Lair:1)
  4 orc warriors
  2 sky beasts
  3 ice beasts
  An ogre (D:7)
  A centaur (D:8)
  A phantom (D:5)
  3 kobold brigands
  3 bullfrogs
  A gnoll sergeant (D:6)
  A scorpion (D:5)
  A water moccasin skeleton (D:7)
  12 killer bees
  9 wights
  7 howler monkeys
  4 centaur zombies
  4 orc priests
  A gnoll shaman (D:10)
  2 hounds (D:6)
  A centaur skeleton (D:5)
  A jelly (D:6)
  Jessica (D:2)
  2 iguanas (D:5)
  6 orc wizards
  A hound skeleton (D:4)
  12 adders
  9 gnolls
  3 river rats
  4 worms
  A dart slug (D:5)
  31 orcs
  13 endoplasms
  7 giant cockroaches
  6 goblins
  4 hobgoblins
  3 jackals (D:4)
  2 quokkas
  10 ball pythons
  5 bats
  A frilled lizard (D:3)
  15 kobolds
  9 rats
  A bush (D:8)
246 creatures vanquished.

Vanquished Creatures (collateral kills)
  A two-headed ogre (D:8)
  A yak (D:10)
  A rat (D:1)
3 creatures vanquished.

Vanquished Creatures (others)
  A fungus (Lair:1)
  5 plants
6 creatures vanquished.

Grand Total: 255 creatures vanquished

Notes
Turn   | Place    | Note
-------+----------+-------------------------------------------
     0 | D:1      | Glokmah the Demonspawn Gladiator began the quest for the
                  | Orb.
     0 | D:1      | Reached XP level 1. HP: 16/16 MP: 1/1
   308 | D:1      | Gained mutation: A weak demonic guardian rushes to your
                  | aid. [demonic ancestry]
   308 | D:1      | Reached XP level 2. HP: 20/22 MP: 2/2
   666 | D:1      | You fall into a shaft and drop 1 floor!
  1080 | D:1      | Gained mutation: You are partially covered in sharp spines.
                  | [demonic ancestry]
  1080 | D:1      | Reached XP level 3. HP: 23/28 MP: 3/3
  1220 | D:2      | Reached skill level 1 in Armour
  1595 | D:2      | Noticed Jessica
  1599 | D:2      | Killed Jessica
  1600 | D:2      | Reached XP level 4. HP: 34/34 MP: 4/4
  1977 | D:3      | Found Ucuph's Antique Armour Shop.
  2062 | D:3      | You fall into a shaft and drop 2 floors!
  2062 | D:5      | Entered Level 5 of the Dungeon
  2069 | D:5      | Found a staircase to the Ecumenical Temple.
  2073 | D:5      | Noticed an ice beast
  2079 | Temple   | Entered the Ecumenical Temple
  2475 | Temple   | Became a worshipper of Makhleb the Destroyer
  2532 | D:5      | Killed an ice beast
  2533 | D:5      | Gained mutation: You have sharp fingernails. [demonic
                  | ancestry]
  2533 | D:5      | Reached XP level 5. HP: 24/41 MP: 5/5
  2846 | D:5      | Gained mutation: You have very sharp fingernails. [demonic
                  | ancestry]
  2846 | D:5      | Reached XP level 6. HP: 35/47 MP: 6/6
  3464 | D:3      | Reached * piety under Makhleb
  3589 | D:4      | Reached skill level 5 in Axes
  3666 | D:4      | Reached skill level 1 in Invocations
  4072 | D:5      | Reached skill level 2 in Invocations
  4102 | D:5      | Reached XP level 7. HP: 53/53 MP: 8/8
  4767 | D:5      | Found a hide-covered altar of Uskayaw.
  4856 | D:3      | Bought a runed chain mail for 225 gold pieces
  4965 | D:5      | Reached skill level 3 in Invocations
  5019 | D:6      | Found a glowing drain.
  5023 | Sewer    | Entered a sewer
  5318 | Sewer    | Reached ** piety under Makhleb
  5472 | D:6      | Reached skill level 4 in Invocations
  5545 | D:6      | Noticed a troll
  5998 | D:6      | Gained mutation: You are mostly covered in sharp spines.
                  | [demonic ancestry]
  5998 | D:6      | Reached XP level 8. HP: 57/61 MP: 11/11
  6011 | D:6      | Killed a troll
  6012 | D:6      | Reached skill level 5 in Invocations
  6470 | D:6      | Found Qiogay's Magic Scroll Shop.
  6512 | D:6      | Reached skill level 5 in Fighting
  6512 | D:6      | Reached skill level 6 in Invocations
  6804 | D:6      | Reached skill level 7 in Invocations
  7001 | D:6      | Reached XP level 9. HP: 13/68 MP: 14/14
  7481 | D:6      | Reached *** piety under Makhleb
  7826 | D:7      | Found a broken altar of Ashenzari.
  8015 | D:7      | Found Weral's Distillery.
  8027 | D:7      | Reached skill level 8 in Invocations
  8205 | D:7      | Reached skill level 5 in Armour
  8426 | D:7      | Found Zin's Purification Station.
  8522 | D:7      | Identified 2 scrolls of acquirement
  8522 | D:7      | Acquired the ring "Etomyful" {rElec Will+ Str+6 Slay+3}
  8530 | D:7      | Acquired a +2 executioner's axe of electrocution
  8547 | D:7      | Found a stormy altar of Qazlal.
  8967 | D:8      | Reached skill level 9 in Invocations
  9315 | D:8      | Noticed a two-headed ogre
  9333 | D:8      | Killed a two-headed ogre
  9334 | D:8      | Gained mutation: You are completely covered in sharp
                  | spines. [demonic ancestry]
  9334 | D:8      | Reached XP level 10. HP: 21/77 MP: 15/17
  9622 | D:8      | Identified the +1 robe of Indomitability {rN+ Will- SInv}
 10053 | D:8      | Noticed Erica
 10068 | D:8      | Killed Erica
 10069 | D:8      | Reached skill level 10 in Invocations
 10377 | D:8      | Found a shimmering blue altar of Sif Muna.
 10401 | D:8      | Found a bloodstained altar of Trog.
 10401 | D:8      | Found an iron altar of Okawaru.
 10401 | D:8      | Found a sacrificial altar of Ru.
 11106 | D:9      | Found Qusosor's Antique Weapon Emporium.
 11122 | D:9      | Found a staircase to the Orcish Mines.
 11334 | D:10     | Entered Level 10 of the Dungeon
 11360 | D:10     | Reached skill level 11 in Invocations
 11569 | D:9      | Reached **** piety under Makhleb
 11772 | D:10     | Gained mutation: A demonic guardian rushes to your aid.
                  | [demonic ancestry]
 11772 | D:10     | Reached XP level 11. HP: 82/84 MP: 19/19
 12660 | D:11     | Found Vafaet's Weapon Shoppe.
 12676 | D:11     | Reached skill level 10 in Axes
 12781 | D:11     | Reached skill level 12 in Invocations
 12896 | D:11     | Found a staircase to the Lair.
 13257 | Lair:1   | Entered Level 1 of the Lair of Beasts
 13328 | Lair:1   | Found a dark tunnel.
 13335 | Volcano  | Entered a volcano
 13383 | Volcano  | Slain by a salamander

Illustrated notes

Levels and vault maps discovered:
D:1:      onia_arrival_mini_spirals, layout_loops_ring,
          amcnicky_mini_corridor_feature
D:2:      layout_basic, uniq_jessica
D:3:      layout_basic, serial_shops, shop
D:4:      layout_rooms
D:5:      layout_loops_ring, nicolae_uskayaw_suspiria,
          minmay_temple_entry_slanted
D:6:      layout_basic, serial_shops, shop, gup_sewer_entry_bowl,
          grunt_ministairs_10
D:7:      layout_basic, lemuel_crystal_altar, zin_purify, old_standard_altar,
          serial_shops, nicolae_shop_crystal, grunt_ministairs_1
D:8:      layout_cave_pods, gammafunk_temple_overflow_claw,
          general_overflow_altar, serial_glass, glass_columns_a,
          glass_columns_a, glass_columns_a, glass_columns_a, minmay_hedge_maze,
          uniq_erica
D:9:      layout_roguey, orc_0_dummy, serial_shops, shop,
          roderic_serpentine_path
D:10:     layout_cave_pools
D:11:     layout_roguey, dpeg_oklobed_lair, serial_shops, shop
Temple:   eino_temple_water
Lair:1:   layout_layer_cave, enter_volcano_1, grunt_megastairs_5
Volcano:  volcano_village

Skill      XL: |  1  2  3  4  5  6  7  8  9 10 11 |
---------------+----------------------------------+-----
Axes           | 3 4 5 6 7 8 9 10 | 10.4
Armour         | 1 2 3 4 5 6 7 |  7.0
Dodging        | 3 |  3.0
Fighting       | 3 4 5 6 7 8 |  8.0
Invocations    | 2 4 7 9 11 12 | 12.5
Throwing       | |  1.7

Action                   |  1- 3 |  4- 6 |  7- 9 | 10-12 || total
-------------------------+-------+-------+-------+-------++-------
Melee: War axe           |    88 |   107 |   254 |       ||   449
       Broad axe         |       |       |    18 |   162 ||   180
Throw: Throwing net      |       |     1 |       |       ||     1
Invok: Minor Destruction |       |       |    38 |     8 ||    46
       Major Destruction |       |       |       |     1 ||     1
  Use: Scroll            |       |       |    20 |     7 ||    27
       Potion            |       |       |     1 |       ||     1
Armor: Leather armour    |     9 |       |       |       ||     9
       Ring mail         |    36 |       |       |       ||    36
       Scale mail        |       |    41 |     2 |       ||    43
       Chain mail        |       |       |   141 |    73 ||   214
Dodge: Dodged            |    71 |    53 |   113 |    63 ||   300

Table legend: (Time is in decaauts)
 A = Elapsed time spent in this place.
 B = Non-inter-level travel time spent in this place.
 C = Inter-level travel time spent in this place.
 D = Time resting spent in this place.
 E = Time spent auto-exploring this place.
 F = Levels seen in this place.
 G = Mean time per level.
                   A        B        C        D        E       F      G
               +--------+--------+--------+--------+--------+-----+--------+
         Total |  13600 |  12801 |    799 |   1805 |   8201 |  15 |  906.7 |
       Dungeon |  12528 |  11815 |    713 |   1805 |   7616 |  11 | 1138.9 |
        Temple |    436 |    350 |     86 |      0 |    297 |   1 |  436.0 |
          Lair |     78 |     78 |      0 |      0 |      0 |   1 |   78.0 |
         Sewer |    508 |    508 |      0 |      0 |    288 |   1 |  508.0 |
       Volcano |     47 |     47 |      0 |      0 |      0 |   1 |   47.0 |
               +--------+--------+--------+--------+--------+-----+--------+

Top non-repeatable levels by time:
     D:6: 2383 daAuts
     D:8: 1616 daAuts
     D:5: 1550 daAuts
     D:7: 1148 daAuts
     D:1: 1073 daAuts
     D:9: 1031 daAuts
    D:10: 945 daAuts
     D:2: 805 daAuts
    D:11: 731 daAuts
     D:3: 685 daAuts
     D:4: 557 daAuts
   Sewer: 508 daAuts
  Temple: 436 daAuts
  Lair:1: 78 daAuts
 Volcano: 47 daAuts
